 Dungeon Crawl Stone Soup version 0.23.2-1-ga50397a (webtiles) character file.

Game seed: 13637191880355876608

101 MalarOregon the Poker (level 4, -2/35 HPs)
             Began as a Merfolk Gladiator on May 16, 2019.
             Slain by an adder (4 damage)
             ... on level 3 of the Dungeon.
             The game lasted 00:03:06 (1590 turns).

MalarOregon the Poker (Merfolk Gladiator)           Turns: 1590, Time: 00:03:07

Health: -2/35      AC:  4    Str: 15    XL:     4   Next: 75%
Magic:  4/4        EV: 14    Int: 12    God:
Gold:   147        SH:  0    Dex: 15    Spells: 3/3 levels left

rFire    . . .     SeeInvis .   a - +0 trident
rCold    . . .     Gourm    .   (no shield)
rNeg     . . .     Faith    .   b - +0 leather armour
rPois    .         Spirit   .   c - +0 helmet
rElec    .         Reflect  .   (no cloak)
rCorr    .         Harm     .   (no gloves)
MR       .....                  (no boots)
Stlth    +.........             (no amulet)
HPRegen  0.11/turn              (no ring)
MPRegen  0.09/turn              (no ring)

@: brilliant, lethally poisoned (-2 -> -10)
A: change form in water, swift swim, stealthy swim
a: no special abilities


You were on level 3 of the Dungeon.
You were not hungry.

You visited 1 branch of the dungeon, and saw 3 of its levels.

You collected 147 gold pieces.

Inventory:

Hand Weapons
 a - a +0 trident (weapon)
Missiles
 d - 3 throwing nets (quivered) {!f}
Armour
 b - a +0 leather armour (worn)
 c - a +0 helmet (worn)
Jewellery
 j - an uncursed ring of see invisible {unknown}
   (You found it on level 1 of the Dungeon)
 k - an uncursed ring of flight {unknown}
   (You found it on level 1 of the Dungeon)
 r - a +1 ring of evasion {unknown}
   (You found it on level 2 of the Dungeon)
Scrolls
 f - a scroll of noise {unknown}
 h - 3 scrolls of remove curse {unknown}
 l - 4 scrolls of amnesia {unknown}
 o - a scroll of immolation {unknown}
 q - a scroll of magic mapping {unknown}
 u - a scroll of random uselessness {unknown}
Potions
 g - a potion of curing {unknown}
 i - a potion of brilliance
 n - a potion of ambrosia {unknown}
 p - 3 potions of lignification {unknown}
 s - a potion of agility {unknown}
 t - a potion of cancellation {unknown}
Comestibles
 e - 7 rations {!d}
 m - a chunk of flesh


   Skills:
 + Level 3.4 Fighting
 * Level 6.8 Polearms
 - Level 2.0 Throwing
 - Level 4.0 Dodging


You had 3 spell levels left.
You didn't know any spells.
Your spell library was empty.

Dungeon Overview and Level Annotations

Branches:
Dungeon (3/15)

Altars:
Ashenzari
The Shining One


Message History

You hit the adder but do no damage.
You feel sick. The adder bites you but does no damage.
The adder closely misses you.
You barely miss the adder. The adder bites you but does no damage.
You puncture the adder!
You feel sick. The adder barely misses you.
You hit the adder.
The kobold hits you with a +0 short sword.
The adder closely misses you.
You closely miss the adder. The adder barely misses you.
The kobold hits you with a +0 short sword.
The adder bites you but does no damage.
You closely miss the adder.
You feel sick. The kobold closely misses you.
The adder bites you but does no damage.
You barely miss the adder. The kobold barely misses you. The adder bites you.
You are more poisoned.
The adder poisons you!
You closely miss the adder.
You feel sick. The adder barely misses you. The kobold barely misses you.
You closely miss the adder.
You feel sick. The adder closely misses you. The kobold closely misses you.
You hit the adder but do no damage. The adder bites you but does no damage.
The kobold hits you with a +0 short sword.
The adder misses you.
You barely miss the adder.
You feel sick. The kobold closely misses you. The adder closely misses you.
You closely miss the adder.
You feel sick. The adder bites you but does no damage.
The kobold completely misses you.
You are too injured to fight recklessly!
You are too injured to fight recklessly!
You are too injured to fight recklessly!
You are too injured to fight recklessly!
You are too injured to fight recklessly!
You are too injured to fight recklessly!
You closely miss the adder. The adder bites you.
* * * LOW HITPOINT WARNING * * *
The kobold barely misses you.
You hit the adder.
You feel sick. The adder closely misses you.
The kobold hits you with a +0 short sword.
* * * LOW HITPOINT WARNING * * *
The adder barely misses you.
You hit the adder but do no damage. The adder bites you.
* * * LOW HITPOINT WARNING * * *
You are lethally poisoned!
The adder poisons you!
The kobold hits you with a +0 short sword.
* * * LOW HITPOINT WARNING * * *
It was a potion of brilliance.
You feel clever all of a sudden.
* * * LOW HITPOINT WARNING * * *
You feel sick. The adder bites you.
You die...

. !..# .. #..# .
##.##..# .# ._....#
#.## ##.#...###...##
#..#..........##
##.....##.......##
###................#
......K@...........+
###...#S##.........#
##...####.......#
##.. #...)..##
#.......#...##
##.#######'## #.
#...# #.#####.#.#
##..##..##


You could see an adder and a kobold.

Vanquished Creatures
  5 adders
  A worm (D:3)
  2 dart slugs
  A leopard gecko (D:1)
  An orc (D:3)
  3 giant cockroaches (D:1)
  5 goblins
  6 hobgoblins
  7 jackals
  4 bats (D:1)
  3 frilled lizards (D:1)
  5 kobolds (D:1)
  4 rats
47 creatures vanquished.

Notes
Turn   | Place    | Note
-------+----------+-------------------------------------------
     0 | D:1      | MalarOregon the Merfolk Gladiator began the quest for the
                  | Orb.
     0 | D:1      | Reached XP level 1. HP: 16/16 MP: 1/1
   129 | D:1      | Reached XP level 2. HP: 23/23 MP: 2/2
   167 | D:1      | Reached skill level 5 in Polearms
   566 | D:1      | Reached XP level 3. HP: 28/28 MP: 3/3
   955 | D:2      | Reached skill level 6 in Polearms
  1015 | D:2      | Reached XP level 4. HP: 35/35 MP: 4/4
  1082 | D:2      | Found a faded altar of an unknown god.
  1200 | D:2      | Found a shattered altar of Ashenzari.
  1571 | D:3      | Found a glowing golden altar of the Shining One.
  1590 | D:3      | Slain by an adder

Skill      XL: |  1  2  3 |
---------------+----------+-----
Polearms       | 5 6 |  6.8
Fighting       | 3 |  3.4
Throwing       | |  2.0
Dodging        | |  4.0

Action                   |  1- 3 |  4- 6 || total
-------------------------+-------+-------++-------
Melee: Trident           |   111 |    54 ||   165
  Use: Potion            |       |     1 ||     1
 Stab: Sleeping          |     1 |       ||     1
  Eat: Chunk             |       |     2 ||     2
Armor: Leather armour    |    21 |     8 ||    29
Dodge: Dodged            |    68 |    32 ||   100
